 Dungeon Crawl Stone Soup version 0.30-a0-1124-g6e8f0f562f (webtiles) character file.

Game seed: 15886966755286219646

724 Kenran the Skirmisher (level 7, -7/43 HPs)
             Began as a Gargoyle Hunter on Apr 23, 2023.
             Mangled by a wight
             ... wielding a +2 halberd
              (13 damage)
             ... on level 5 of the Dungeon.
             The game lasted 00:09:00 (3229 turns).

Kenran the Skirmisher (Gargoyle Hunter)             Turns: 3229, Time: 00:09:00

Health: -7/43      AC:  9    Str: 15    XL:     7   Next: 71%
Magic:  7/7        EV: 11    Int:  9    God:
Gold:   153        SH:  0    Dex: 15    Spells: 6/6 levels left

rFire   . . .        a - +0 shortbow
rCold   . . .        (shield currently unavailable)
rNeg    + . .        c - +0 leather armour
rPois   ∞            (no helmet)
rElec   +            o - +0 cloak
rCorr   .            (no gloves)
SInv    .            (no boots)
Will    .....        (no amulet)
Stlth   ++           (no ring)
HPRegen 0.27/turn    (no ring)
MPRegen 0.10/turn

%: no passive effects
@: no status effects
A: sickness immunity, AC +4, negative energy resistance 1, electricity
resistance, torment resistance 1, petrification resistance
a: no special abilities


You were on level 5 of the Dungeon.
You visited 1 branch of the dungeon, and saw 5 of its levels.

You collected 173 gold pieces.
You spent 20 gold pieces at shops.

Inventory:

Hand Weapons
 a - a +0 shortbow (weapon)
Missiles
 q - a throwing net
Armour
 c - a +0 leather armour (worn)
 d - a +0 chain mail
 o - a +0 cloak (worn)
Jewellery
 m - a ring of protection from cold
Scrolls
 b - a scroll of immolation {!r}
 e - 2 scrolls of vulnerability {!r}
 f - a scroll of fog
 g - 2 scrolls of amnesia
 l - 2 scrolls of magic mapping
 n - 2 scrolls of identify {@r1}
 s - a scroll of teleportation {unknown}
Potions
 h - a potion of flight {unknown}
 i - 3 potions of brilliance {unknown}
 j - a potion of might {unknown}
 k - 2 potions of curing {@q1}
 p - a potion of attraction {unknown}
 r - a potion of haste {unknown}


   Skills:
 - Level 4.0 Fighting
 + Level 8.4 Ranged Weapons
 - Level 2.0 Armour
 - Level 1.5 Dodging
 - Level 1.1 Stealth


You had 6 spell levels left.
You didn't know any spells.
Your spell library contained the following spells:

 Spells                   Type           Power      Damage    Failure   Level
 Apportation              Tloc           0%         N/A       45%         1
 Necrotise                Necr           0%         1d4       45%         1
 Summon Small Mammal      Summ           0%         N/A       45%         1
 Blink                    Tloc           0%         N/A       58%         2
 Lesser Beckoning         Tloc           0%         N/A       58%         2
 Momentum Strike          Conj/Tloc      0%         3d8       58%         2
 Hailstorm                Conj/Ice       0%         3d3       83%         3
 Animate Dead             Necr           0%         N/A       99%         4
 Ice Form                 Ice/Tmut       0%         N/A       99%         4
 Simulacrum               Ice/Necr       0%         N/A       100%        6
 Haunt                    Necr/Summ      0%         N/A       100%        7
 Infestation              Necr           0%         N/A       100%        8


Dungeon Overview and Level Annotations

Branches:
Dungeon (5/15)
 Temple: D:4-7

Altars:
Vehumet
Yredelemnul

Shops:
D:2 [   D:3 ?   D:4 [[

Annotations:
D:3 1 runed translucent door, exclusion: downstairs, MacCMillion's ghost, amateur FoFi
D:4 Edmund
D:5 Eustachio


Innate Abilities, Weirdness & Mutations

You are immune to sickness and miasma.
Your stone body is resilient. (AC +4)
You are immune to poison.
You resist negative energy. (rN+)
You are resistant to electric shocks. (rElec)
You are resistant to unholy torment.
You are immune to petrification.


Message History

* * * LOW HITPOINT WARNING * * *
You feel better. The wight hits you with a +2 halberd.
Fire: a) +0 shortbow
Press: ? - help, Q - select action, (/) - cycle Shift-Dir - straight line, f/p - wight
Aim: a wight, wielding a +2 halberd and wearing a +0 robe (severely damaged, 65% to hit)
You shoot an arrow. The arrow completely misses the wight.
The wight barely misses you.
Fire: a) +0 shortbow
Press: ? - help, Q - select action, (/) - cycle Shift-Dir - straight line, f/p - wight
Aim: a wight, wielding a +2 halberd and wearing a +0 robe (severely damaged, 65% to hit)
You shoot an arrow. The arrow hits the wight.
The wight is almost destroyed.
The wight barely misses you.
Fire: a) +0 shortbow
Press: ? - help, Q - select action, (/) - cycle Shift-Dir - straight line, f/p - wight
Aim: a wight, wielding a +2 halberd and wearing a +0 robe (almost destroyed, 65% to hit)
You shoot an arrow. The arrow barely misses the wight.
The wight hits you with a +2 halberd.
* * * LOW HITPOINT WARNING * * *
Fire: a) +0 shortbow
Press: ? - help, Q - select action, (/) - cycle Shift-Dir - straight line, f/p - wight
Aim: a wight, wielding a +2 halberd and wearing a +0 robe (almost destroyed, 65% to hit)
You shoot an arrow. The arrow completely misses the wight.
The wight hits you with a +2 halberd.
* * * LOW HITPOINT WARNING * * *
You feel better. The wight hits you with a +2 halberd.
Fire: a) +0 shortbow
Press: ? - help, Q - select action, (/) - cycle Shift-Dir - straight line, f/p - wight
Aim: a wight, wielding a +2 halberd and wearing a +0 robe (almost destroyed, 65% to hit)
You shoot an arrow. The arrow closely misses the wight.
The wight hits you with a +2 halberd!
* * * LOW HITPOINT WARNING * * *
Fire: a) +0 shortbow
Press: ? - help, Q - select action, (/) - cycle Shift-Dir - straight line, f/p - wight
Aim: a wight, wielding a +2 halberd and wearing a +0 robe (almost destroyed, 65% to hit)
You shoot an arrow.
The arrow hits the wight but does no damage.
The wight is almost destroyed.
The wight hits you with a +2 halberd!
You die...

####..##....# #..##....#
#..##....# #.##.# #..##....#
#.##.# ####..##....###.##.#
#......'....'.#.##.#
#####..#....#.#.##.#
#....>.....<#.#.##.#
###...#..)...@#.#.##.######
#.###.#..#.##z..#.##.##...####
#.....#..#.##........(....'...
#######..#)##.#...........####
o)o..)o..#<##.#.....[.....#...
#######.#####.#.......)...#.##
... ..#...........#.#. ##..
###.........).#.#. ...#
#........##.#.#.


You could see a wight.

Vanquished Creatures
  Grinder (D:3)
  2 scorpions
  2 wights (D:5)
  2 hounds (D:5)
  2 orc priests (D:5)
  Jessica (D:2)
  6 gnolls
  2 adders (D:3)
  3 worms
  6 dart slugs
  6 orcs
  4 endoplasms
  2 giant cockroaches (D:3)
  4 goblins
  6 hobgoblins
  2 jackals (D:2)
  6 quokkas
  3 ball pythons
  8 bats
  A frilled lizard (D:1)
  11 kobolds
  3 rats (D:3)
83 creatures vanquished.

Notes
Turn   | Place    | Note
-------+----------+-------------------------------------------
     0 | D:1      | Kenran the Gargoyle Hunter began the quest for the Orb.
     0 | D:1      | Reached XP level 1. HP: 12/12 MP: 1/1
    82 | D:1      | Reached XP level 2. HP: 17/17 MP: 2/2
   304 | D:1      | Reached XP level 3. HP: 19/21 MP: 3/3
   397 | D:1      | Reached skill level 5 in Ranged Weapons
   596 | D:2      | Found Pairuwy's Armour Boutique.
  1097 | D:3      | Noticed MacCMillion's ghost (amateur FoFi)
  1101 | D:3      | Found a runed translucent door.
  1233 | D:3      | Reached XP level 4. HP: 26/26 MP: 4/4
  1286 | D:3      | Noticed Grinder
  1295 | D:3      | Paralysed by Grinder for 5 turns
  1304 | D:3      | Killed Grinder
  1305 | D:3      | Reached skill level 7 in Ranged Weapons
  1305 | D:3      | Reached XP level 5. HP: 16/30 MP: 5/5
  1305 | D:3      | Reached XP level 6. HP: 18/35 MP: 6/6
  1552 | D:3      | Found Toyjue's Magic Scroll Boutique.
  1562 | D:3      | Bought a scroll of identify for 20 gold pieces
  1684 | D:2      | Noticed Jessica
  1687 | D:2      | Killed Jessica
  1688 | D:2      | Found a basalt altar of Yredelemnul.
  2158 | D:4      | Found Kabulinwec's Antique Armour Emporium.
  2457 | D:4      | Noticed Edmund
  2542 | D:4      | Noticed an animated pearl dragon scales
  2546 | D:4      | Found Semeg's Armour Shoppe.
  2548 | D:4      | Noticed an animated gold dragon scales
  2574 | D:4      | Reached skill level 8 in Ranged Weapons
  2598 | D:4      | Found a radiant altar of Vehumet.
  2702 | D:5      | Entered Level 5 of the Dungeon
  2710 | D:5      | Reached skill level 1 in Armour
  2710 | D:5      | Reached XP level 7. HP: 31/40 MP: 7/7
  2928 | D:5      | Noticed Eustachio
  3034 | D:4      | HP: 2/43 [Edmund/stone (4)]
  3218 | D:5      | HP: 2/43 [wight/+2 halberd (9)]
  3229 | D:5      | Mangled by a wight

Illustrated notes

Levels and vault maps discovered:
D:1:      ncdulo_halloftheorcs, layout_basic
D:2:      layout_basic, serial_shops, shop, basic_altar, uniq_jessica
D:3:      layout_loops_ring, hellmonk_ghost_happy_afterlife, serial_shops, shop,
          uniq_grinder
D:4:      layout_loops_ring, mainiacjoe_overflow_tiny_flanked, serial_forest,
          infiniplex_forest_end_2, infiniplex_forest_clump_cross,
          infiniplex_forest_clump_long, infiniplex_forest_end_1, serial_shops,
          shop, nicolae_shop_mannequins, minmay_fractal_squares_5, uniq_edmund
D:5:      layout_basic, nicolae_overflow_hidden_temple,
          minmay_temple_entry_fiery, serial_shops, nicolae_shop_rolled_up,
          cheibrodos_sewer_entry_sluice, lightli_corner_chamber, uniq_eustachio

Skill      XL: |  1  2  3  4  5  6  7 |
---------------+----------------------+-----
Ranged Weapons | 5 7 8 |  8.4
Armour         | 1 2 |  2.0
Fighting       | 4 |  4.0
Dodging        | |  1.5
Stealth        | |  1.1

Action                     |  1- 3 |  4- 6 |  7- 9 || total
---------------------------+-------+-------+-------++-------
   Fire: Shortbow          |   100 |   146 |    55 ||   301
    Use: Scroll            |     3 |     1 |       ||     4
         Potion            |       |     1 |     4 ||     5
 Armour: Leather armour    |     3 |    13 |     4 ||    20
  Dodge: Dodged            |    26 |    31 |    18 ||    75

Table legend: (Time is in decaauts)
 A = Elapsed time spent in this place.
 B = Non-inter-level travel time spent in this place.
 C = Inter-level travel time spent in this place.
 D = Time resting spent in this place.
 E = Time spent auto-exploring this place.
 F = Levels seen in this place.
 G = Mean time per level.
                   A        B        C        D        E       F      G
               +--------+--------+--------+--------+--------+-----+--------+
         Total |   3293 |   3111 |    182 |    437 |   1708 |   5 |  658.6 |
       Dungeon |   3293 |   3111 |    182 |    437 |   1708 |   5 |  658.6 |
               +--------+--------+--------+--------+--------+-----+--------+

Top non-repeatable levels by time:
     D:3: 1250 daAuts
     D:2: 660 daAuts
     D:1: 576 daAuts
     D:4: 452 daAuts
     D:5: 352 daAuts
